AoeStats
← [ICMW] DEMBA

Golden Pit

508304825Analyzed
1v1 RM · 10d ago on Sep 21, 2026· 43m 13s· 2 players
Game mode
Random Map
Map size
Tiny (2 player)
Population
200
Speed
Normal
Resources
Standard
Victory
Conquest
Starting age
Dark Age
Ending age
Imperial Age
RankedLock teamsTeams togetherTeam positionsShared explorationLock speedFull tech treeHidden civsTurbo modeCheats
Victory
Defeat
🇹🇷 Mongols · Türkiye
1158
+16
🇨🇳 Romans · China
1160
-16
[ICMW] DEMBA
8:50 Feudal Age
10:23 Loom
11:22 Scale Barding Armor
14:15 Loom
18:21 Castle Age
22:18 Wheelbarrow
23:43 Fletching
31:41 Bodkin Arrow
31:47 Padded Archer Armor
39:57 Ballistics
41:16 Leather Archer Armor
Yennefer of Vengerberg
6:43 Loom
9:30 Feudal Age
11:54 Man-at-Arms
12:37 Scale Mail Armor
21:33 Castle Age
20:01 Double-Bit Axe
21:17 Forging
21:36 Long Swordsman
23:33 Chain Mail Armor
31:12 Horse Collar
37:45 Heavy Plow
40:11 Iron Casting
Connection lost

Rejoining the realm…

Still unreachable

The connection could not be restored.

Session expired

The server has moved on; the page needs a fresh start.